 Dungeon Crawl Stone Soup version 0.28.0 (webtiles) character file.

Game seed: 6290154547071107094

13065 Brecoman the Fighter (level 11, -9/99 HPs)
             Began as a Yellow Draconian Fire Elementalist on Feb 4, 2022.
             Was an Elder of Nemelex Xobeh.
             Killed by divine providence
             ... invoked by a meliai
              (14 damage)
             ... on level 12 of the Dungeon on Feb 5, 2022.
             The game lasted 01:07:18 (17432 turns).

Brecoman the Fighter (DrFE)                        Turns: 17432, Time: 01:07:23

Health: -9/99      AC: 12    Str:  9    XL:     11   Next: 70%
Magic:  11/23      EV: 12    Int: 20    God:    Nemelex Xobeh [****..]
Gold:   661        SH:  0    Dex: 12    Spells: 12/27 levels left

rFire   . . .      SeeInvis .   N - +1 demon trident (drain)
rCold   . . .      Faith    .   (no shield)
rNeg    + . .      Spirit   .   (armour unavailable)
rPois   +          Reflect  .   (helmet restricted)
rElec   .          Harm     .   A - +2 ratskin cloak {*Rats rPois rN+ Str-1 Int-1 Dex+1}
rCorr   +          Rampage  .   s - +1 Delatra's gloves {ID++}
Will    .....                   (no boots)
Stlth   ++........              (no amulet)
HPRegen 0.26/turn               e - ring of poison resistance
MPRegen 0.18/turn               J - +4 ring of slaying

@: about to teleport, marked
A: spit acid, AC +7, unfitting armour, cold-blooded, acid resistance
a: Breathe Acid, Renounce Religion, Draw Escape, Draw Destruction, Draw
Summoning, Triple Draw, Deal Four


You were on level 12 of the Dungeon.
You worshipped Nemelex Xobeh.
Nemelex Xobeh was greatly pleased with you.
You visited 1 branch of the dungeon, and saw 12 of its levels.
You also visited: Sewer.

You collected 956 gold pieces.
You spent 295 gold pieces at shops.

Inventory:

Hand Weapons
 b - a +0 whip
 c - a +1 dagger of draining
 y - a +1 whip of venom
 E - a +2 morningstar of distortion
 N - a +1 demon trident of draining (weapon)
Missiles
 i - 354 stones
 n - 9 curare-tipped darts
 u - 48 poisoned darts
Armour
 s - the +1 Delatra's gloves (worn) {ID++}
   (You found it on level 4 of the Dungeon)

   It heals its wearer when they drink unknown potions.
   It restores its wearer's MP when they read unknown scrolls.
 A - the +2 ratskin cloak (worn) {*Rats rPois rN+ Str-1 Int-1 Dex+1}
   (You found it on level 4 of the Dungeon)

   When the wearer is hurt, rats may emerge from it to assist them.
   Str:       It affects your strength (-1).
   Int:       It affects your intelligence (-1).
   Dex:       It affects your dexterity (+1).
   rPois:     It protects you from poison.
   rN:        It protects you from negative energy.
Jewellery
 e - a ring of poison resistance (left hand)
 J - a +4 ring of slaying (right hand)
 M - a ring of flight
Wands
 z - a wand of acid (12)
 D - a wand of digging (12)
 L - a wand of iceblast (6)
Scrolls
 d - a scroll of fear {unknown}
 g - 2 scrolls of teleportation
 m - 2 scrolls of vulnerability {unknown}
 q - 2 scrolls of acquirement
 v - 2 scrolls of enchant armour
 x - a scroll of blinking
 B - 2 scrolls of amnesia
 C - a scroll of magic mapping
 F - a scroll of fog {unknown}
 G - 2 scrolls of noise {unknown}
 H - a scroll of enchant weapon
 I - 2 scrolls of identify
Potions
 a - a potion of magic
 f - 5 potions of might
 h - 2 potions of heal wounds
 j - a potion of degeneration {unknown}
 k - 8 potions of mutation
 l - 4 potions of brilliance
 o - a potion of haste {unknown}
 p - 3 potions of attraction {unknown}
 r - 4 potions of cancellation {unknown}
 t - a potion of experience {unknown}
 w - 3 potions of curing
 K - 2 potions of flight


   Skills:
 + Level 10.0 Fighting
 + Level 0.4 Polearms
 - Level 1.7 Dodging
 - Level 1.7 Stealth
 + Level 8.7 Spellcasting
 + Level 9.3 Conjurations
 + Level 9.8 Fire Magic
 - Level 5.0 Invocations


You had 12 spell levels left.
You knew the following spells:

 Your Spells              Type           Power      Damage    Failure   Level
a - Foxfire               Conj/Fire      100%       2x1d9     1%          1
b - Scorch                Fire           94%        2d10      1%          2
c - Conjure Flame         Conj/Fire      47%        6-21      1%          3
d - Flame Wave            Conj/Fire      47%        2d10      1%          4
e - Fireball              Conj/Fire      23%        3d11      4%          5

Your spell library contained the following spells:

 Spells                   Type           Power      Damage    Failure   Level
 Inner Flame              Hex/Fire       28%        N/A       3%          3
 Ignite Poison            Fire/Tmut/Pois 21%        N/A       6%          3
 Mephitic Cloud           Conj/Pois/Air  21%        N/A       7%          3
 Animate Skeleton         Necr           16%        N/A       8%          1
 Pain                     Necr           32%        1d5       8%          1
 Summon Small Mammal      Summ           32%        N/A       8%          1
 Corpse Rot               Necr/Air       16%        N/A       12%         2
 Ozocubu's Armour         Ice            8%         N/A       24%         3
 Tukima's Dance           Hex            8%         N/A       24%         3
 Vampiric Draining        Necr           8%         2d6       24%         3
 Irradiate                Conj/Tmut      13%        3d18      32%         5
 Freezing Cloud           Conj/Ice/Air   10%        6-21      52%         5
 Dispel Undead            Necr           8%         3d8       61%         4
 Passage of Golubria      Tloc           8%         N/A       61%         4
 Metabolic Englaciation   Hex/Ice        4%         N/A       91%         5
 Yara's Violent Unravell  Hex/Tmut       4%         3d4       91%         5
 Death Channel            Necr           4%         N/A       100%        6
 Simulacrum               Ice/Necr       4%         N/A       100%        6


Dungeon Overview and Level Annotations

Branches:
Dungeon (12/15)            Temple (0/1) D:4            Lair (0/6) D:9
    Orc (0/2) D:9           Sewer (visited)

Altars:
Cheibriados
Dithmenos
Hepliaklqana
Nemelex Xobeh
Okawaru
Trog
Uskayaw
Vehumet
The Shining One

Shops:
D:1 *   D:6 =   D:9 *

Annotations:
D:10 exclusion: two-headed ogre
D:12 exclusion: killer bee


Innate Abilities, Weirdness & Mutations

You can spit globs of acid.
Your golden yellow scales are hard. (AC +7)
You cannot fit into any form of body armour.
You are cold-blooded and may be slowed by cold attacks.
You are resistant to acid. (rCorr)


Message History

You have drawn the Storm.
A fierce wind blows from the card.
The monsters around you are blown away!
The electrical discharge engulfs the vampire!
The vampire is heavily damaged.
The electrical discharge engulfs the yak!
The yak is heavily wounded.
The electrical discharge engulfs the centaur!
The centaur is almost dead.
The electrical discharge engulfs the yak!
The yak is moderately wounded.
The electrical discharge engulfs the killer bee!
The killer bee is severely wounded.
The electrical discharge engulfs the killer bee!
You kill the killer bee!
You hear mighty peals of thunder!
You can no longer stack cards.
The centaur wields a +0 shortbow.
The centaur shoots an arrow.
The arrow barely misses you.
A killer bee comes into view.
The centaur shoots an arrow.
The arrow hits you.
* * * LOW HITPOINT WARNING * * *
The vampire mumbles some strange words.
The vampire flickers and vanishes!
Deactivating autopickup; reactivate with Ctrl-A.
As you read the scroll of teleportation, it crumbles to dust.
You feel strangely unstable.
The meliai calls down the wrath of its god upon you.
Something smites you!
* * * LOW HITPOINT WARNING * * *
A hell rat scurries out from under your cloak.
The killer bee barely misses you. The killer bee completely misses you.
Casting: Flame Wave (mildly dangerous; 1% risk of failure)
Confirm with . or Enter, or press ? or * to list all spells.
You conjure some foxfire!
The killer bee stings you!
* * * LOW HITPOINT WARNING * * *
A killer bee comes into view.
The meliai mumbles some strange prayers to its god against you.
Something smites you!
You die...
Your body glows with a rainbow of weird colours and disappears.

#...............
#.######...##### #.# #..?#
#.# #...# #.# #.F.# #.#
#...######
#)######..r...c..
#..)....vvr...Y..
#....†..y@Y......
#.....yyy######...
#..(...yy# ...
#......†y######...
#.......y......... #######
#.........yy...... .......
##########........ .......
#.>y######...####
##########y..y............


You could see 2 yaks, a cane toad, 2 meliai, a centaur, 6 killer bees, a
friendly hell rat and a friendly river rat.

Vanquished Creatures
  Erolcha (D:9)
  4 two-headed ogres
  Sonja (D:11)
  A cyclops (D:11)
  3 centaur zombies (D:10)
  A gargoyle (D:10)
  An unseen horror (D:11)
  2 trolls (D:11)
  Prince Ribbit (D:7)
  6 slime creatures (D:11)
  4 yaks (D:8)
  Grum (D:11)
  Menkaure (D:7)
  3 wargs (D:8)
  2 acid dragons
  3 orc warriors
  A hornet zombie (D:6)
  2 black bears (D:4)
  3 ice beasts (D:6)
  A sky beast (D:4)
  2 necrophages
  5 centaurs
  4 wolves (D:11)
  4 kobold brigands (Sewer)
  Blork the orc (D:5)
  3 scorpions
  3 bullfrogs
  2 gnoll sergeants
  15 killer bees
  3 wights (D:9)
  4 electric eels (D:11)
  A howler monkey (D:10)
  A bullfrog zombie (D:6)
  2 jellies
  4 hounds
  A gnoll shaman (D:7)
  A bullfrog skeleton (D:6)
  5 orc priests
  An iguana (D:5)
  9 orc wizards
  A scorpion zombie (D:5)
  2 hound skeletons (D:5)
  15 gnolls
  A howler monkey skeleton (D:5)
  10 adders
  8 river rats
  A shadow imp (D:8)
  A white imp (D:6)
  6 worms
  4 dart slugs
  31 orcs
  13 ball pythons
  6 endoplasms
  5 giant cockroaches
  6 goblins
  10 hobgoblins
  3 jackals (D:3)
  7 bats
  3 frilled lizards
  12 kobolds
  15 rats
273 creatures vanquished.

Vanquished Creatures (collateral kills)
  A centaur (D:8)
  2 killer bees
  An orc priest (D:9)
  2 orcs
  2 foxfires (D:2)
8 creatures vanquished.

Vanquished Creatures (others)
  356 foxfires
356 creatures vanquished.

Grand Total: 637 creatures vanquished

Notes
Turn   | Place    | Note
-------+----------+-------------------------------------------
     0 | D:1      | Brecoman the Draconian Fire Elementalist began the quest
                  | for the Orb.
     0 | D:1      | Reached XP level 1. HP: 14/14 MP: 3/3
   280 | D:1      | Found a faded altar of an unknown god.
   464 | D:1      | Reached XP level 2. HP: 20/22 MP: 3/5
   467 | D:1      | Learned a level 2 spell: Scorch
  1069 | D:1      | Reached skill level 1 in Fighting
  1252 | D:1      | Found Vuse's General Store.
  1267 | D:1      | Bought a scroll of identify for 22 gold pieces
  1267 | D:1      | Bought a scroll of teleportation for 33 gold pieces
  1541 | D:1      | Reached XP level 3. HP: 19/28 MP: 1/6
  2305 | D:2      | Learned a level 3 spell: Conjure Flame
  2307 | D:2      | Reached XP level 4. HP: 34/36 MP: 3/7
  2542 | D:3      | Reached skill level 2 in Fighting
  2602 | D:3      | Found a sparkling altar of Nemelex Xobeh.
  2609 | D:3      | Became a worshipper of Nemelex Xobeh the Trickster
  2776 | D:3      | Found an iron altar of Okawaru.
  2966 | D:3      | Reached XP level 5. HP: 40/41 MP: 2/9
  3070 | D:3      | Reached skill level 1 in Invocations
  3503 | D:4      | Noticed a black bear
  3510 | D:4      | Killed a black bear
  3511 | D:4      | Reached XP level 6. HP: 47/50 MP: 1/10
  3651 | D:4      | Found the +1 Delatra's gloves {ID++}
  3665 | D:4      | Reached skill level 3 in Fighting
  3705 | D:4      | Found a glowing drain.
  3718 | Sewer    | Entered a sewer
  3826 | Sewer    | Reached * piety under Nemelex Xobeh
  4190 | Sewer    | Your scales start taking on a golden yellow colour.
  4190 | Sewer    | Reached XP level 7. HP: 43/58 MP: 2/12
  4190 | Sewer    | Gained mutation: You are resistant to acid. (rCorr) [Yellow
                  | Draconian growth]
  4758 | D:4      | Reached skill level 4 in Fighting
  4797 | D:4      | Reached skill level 5 in Fire Magic
  4919 | D:4      | Found a staircase to the Ecumenical Temple.
  5058 | D:4      | Found the +2 ratskin cloak {*Rats rPois rN+ Str-1 Int-1
                  | Dex+1}
  5296 | D:4      | Reached XP level 8. HP: 44/67 MP: 4/14
  5526 | D:4      | Received a gift from Nemelex Xobeh
  5629 | D:4      | Learned a level 4 spell: Flame Wave
  5634 | D:5      | Entered Level 5 of the Dungeon
  5892 | D:5      | Found a snail-covered altar of Cheibriados.
  5892 | D:5      | Found a hazy altar of Hepliaklqana.
  5893 | D:5      | Found a bloodstained altar of Trog.
  6212 | D:5      | Got Sif Muna's Guide on the Harmful Entourage
  6305 | D:5      | Reached ** piety under Nemelex Xobeh
  6551 | D:5      | Noticed Blork the orc
  6552 | D:5      | Found a hide-covered altar of Uskayaw.
  6559 | D:5      | Killed Blork the orc
  6560 | D:5      | Reached skill level 5 in Fighting
  7030 | D:6      | Reached skill level 5 in Conjurations
  7111 | D:6      | Identified a scroll of acquirement
  7113 | D:6      | Received a gift from Nemelex Xobeh
  7175 | D:6      | Reached skill level 5 in Spellcasting
  7393 | D:6      | Found a shadowy altar of Dithmenos.
  7484 | D:6      | Reached skill level 5 in Invocations
  7523 | D:6      | Found Ceihuf's Jewellery Emporium.
  7534 | D:6      | Bought a ring of poison resistance for 240 gold pieces
  7635 | D:6      | Reached XP level 9. HP: 75/75 MP: 8/16
  8041 | D:7      | Received a gift from Nemelex Xobeh
  8106 | D:7      | Reached skill level 6 in Fighting
  8701 | D:7      | Reached *** piety under Nemelex Xobeh
  9081 | D:7      | Noticed Menkaure
  9087 | D:7      | Killed Menkaure
  9256 | D:7      | Received a gift from Nemelex Xobeh
  9287 | D:7      | Noticed Prince Ribbit
  9605 | D:7      | Killed Prince Ribbit
 10215 | D:8      | Reached skill level 7 in Fighting
 10307 | D:8      | Learned a level 5 spell: Fireball
 10951 | D:8      | Reached XP level 10. HP: 42/86 MP: 8/19
 11369 | D:9      | Found a staircase to the Lair.
 11526 | D:9      | Found Sozynan's General Store.
 11528 | D:9      | Received a gift from Nemelex Xobeh
 12257 | D:9      | Found a radiant altar of Vehumet.
 12410 | D:9      | Reached **** piety under Nemelex Xobeh
 12522 | D:9      | Found a staircase to the Orcish Mines.
 12524 | D:9      | Noticed Erolcha
 12532 | D:9      | Killed Erolcha
 12533 | D:9      | Reached skill level 8 in Fighting
 12696 | D:10     | Entered Level 10 of the Dungeon
 12717 | D:10     | Received a gift from Nemelex Xobeh
 12717 | D:10     | Noticed a two-headed ogre
 12729 | D:10     | Noticed a gargoyle
 12752 | D:10     | Killed a gargoyle
 13350 | D:10     | Noticed a two-headed ogre
 13592 | D:10     | Found a glowing golden altar of the Shining One.
 13721 | D:10     | Killed a two-headed ogre
 13944 | D:10     | Killed a two-headed ogre
 13945 | D:10     | Reached skill level 9 in Fighting
 13945 | D:10     | Reached XP level 11. HP: 97/97 MP: 14/22
 14080 | D:11     | Noticed a two-headed ogre
 14092 | D:10     | Killed a two-headed ogre
 14668 | D:11     | Received a gift from Nemelex Xobeh
 14674 | D:11     | Noticed Sonja
 14886 | D:11     | Killed Sonja
 14971 | D:11     | Noticed a two-headed ogre
 14989 | D:11     | Killed a two-headed ogre
 14998 | D:11     | Noticed Grum
 15226 | D:11     | Killed Grum
 15935 | D:11     | Reached ***** piety under Nemelex Xobeh
 17051 | D:11     | Reached skill level 10 in Fighting
 17432 | D:12     | Killed from afar by a meliai

Illustrated notes

Levels and vault maps discovered:
D:1:      sevenhm_arrival_forest_fort_large_2, layout_basic, serial_shops,
          nicolae_diamond_shop, basic_ecumenical_altar
D:2:      layout_basic, minmay_hedge_maze
D:3:      layout_rooms, nemelex_diamond_rough_becter,
          mainiacjoe_overflow_concentric_impassable, kennysheep_generic_room_8
D:4:      layout_layer_cave, minmay_temple_entry_sparse_star,
          portal_sewer_entry_e
D:5:      layout_rooms, nicolae_overflow_quartered_altars,
          kennysheep_cluttered_room, nicolae_figureground_sparkle,
          uniq_blork_the_orc
D:6:      layout_cave_pools, nicolae_dithmenos_shadow_blocks, serial_shops,
          nicolae_shop_stone, corner_web_ring
D:7:      layout_layer_cave, uniq_menkaure, uniq_prince_ribbit1
D:8:      layout_rooms
D:9:      layout_basic, kennysheep_mini_moat, erik_lair_orcish_takeover,
          orc_0_dummy, serial_shops, shop_coins, uniq_erolcha
D:10:     layout_loops_ring, tso_oasis_becter
D:11:     erik_rubicon_b, layout_cross, uniq_sonja, uniq_grum
D:12:     layout_long_grid, minivault_7, uniq_gastronok

Skill      XL: |  1  2  3  4  5  6  7  8  9 10 11 |
---------------+----------------------------------+-----
Fighting       | 1 2 3 4 5 7 9 10 | 10.0
Conjurations   | 2 3 4 5 6 8 9 |  9.3
Spellcasting   | 3 4 5 6 7 8 |  8.7
Invocations    | 1 2 3 5 |  5.0
Fire Magic     | 4 5 6 7 8 9 |  9.8
Polearms       | |  0.4
Dodging        | |  1.7
Stealth        | |  1.7

Action                   |  1- 3 |  4- 6 |  7- 9 | 10-12 || total
-------------------------+-------+-------+-------+-------++-------
Melee: Whip              |    25 |    31 |    76 |    37 ||   169
       Tailslap          |     4 |     3 |    12 |     5 ||    24
       Dagger            |       |     5 |     1 |       ||     6
       Punch             |       |       |     3 |       ||     3
 Cast: Foxfire           |    31 |    60 |    87 |    27 ||   205
       Scorch            |    28 |    38 |    92 |   149 ||   307
       Conjure Flame     |       |       |     2 |     2 ||     4
       Flame Wave        |       |       |     3 |    11 ||    14
       Fireball          |       |       |       |     5 ||     5
Invok: Draw Destruction  |       |       |     4 |       ||     4
       Draw Escape       |       |       |     1 |       ||     1
       Draw Summoning    |       |       |       |     1 ||     1
       Triple Draw       |       |       |       |     1 ||     1
 Abil: Breathe Acid      |       |       |     5 |     1 ||     6
  Use: Scroll            |       |     4 |    10 |     1 ||    15
       Potion            |       |       |     2 |       ||     2
 Stab: Sleeping          |       |       |     1 |       ||     1
Armor: Skin              |     8 |    32 |    97 |   117 ||   254
Dodge: Dodged            |    33 |    45 |   182 |   133 ||   393
